 Dungeon Crawl Stone Soup version 0.27-a0-416-gca2cecf3c0 (webtiles) character file.

Game seed: 17714104010128449447

78 rageheart7 the Skirmisher (level 4, -1/39 HPs)
             Began as a Demonspawn Delver on Feb 24, 2021.
             Slain by Sigmund
             ... wielding a +0 scythe
              (2 damage)
             ... on level 3 of the Dungeon.
             The game lasted 00:02:34 (809 turns).

rageheart7 the Skirmisher (Demonspawn Delver)        Turns: 809, Time: 00:02:35

Health: -1/39      AC:  9    Str: 13    XL:     4   Next: 15%
Magic:  4/4        EV: 13    Int: 12    God:
Gold:   58         SH:  0    Dex: 14    Spells: 3/3 levels left

rFire    . . .     SeeInvis .   k - +0 long sword
rCold    . . .     Faith    .   (no shield)
rNeg     . . .     Spirit   .   j - +4 ring mail
rPois    .         Reflect  .   (no helmet)
rElec    .         Harm     .   (no cloak)
rCorr    .         Rampage  .   (no gloves)
Will     .....                  (no boots)
Stlth    ++........             (no amulet)
HPRegen  0.13/turn              (no ring)
MPRegen  0.09/turn              (no ring)

@: hasted, very quick
A: repulsion field 1, demonic guardian 1
a: no special abilities


You were on level 3 of the Dungeon.
You visited 1 branch of the dungeon, and saw 3 of its levels.

You collected 58 gold pieces.

Inventory:

Hand Weapons
 a - a +0 falchion
 k - a +0 long sword (weapon)
Missiles
 m - 5 boomerangs (quivered)
Armour
 b - a +0 leather armour
 j - a +4 ring mail (worn)
Wands
 g - a wand of digging (3)
Scrolls
 c - a scroll of fog
 d - a scroll of magic mapping
 e - 3 scrolls of fear
 h - a scroll of enchant armour {unknown}
 l - a scroll of teleportation {unknown}
 n - a scroll of enchant weapon {unknown}
Potions
 i - a potion of curing {unknown}


   Skills:
 * Level 5.0 Fighting
 - Level 1.7 Long Blades
 - Level 1.7 Dodging
 - Level 4.5 Stealth


You had 3 spell levels left.
You didn't know any spells.
Your spell library was empty.

Dungeon Overview and Level Annotations

Branches:
Dungeon (5/15)
 Temple: D:4-7

Altars:

Annotations:
D:3 Sigmund


Innate Abilities, Weirdness & Mutations

You are surrounded by a mild repulsion field. (EV +2)
A weak demonic guardian rushes to your aid.


Message History

You miss the adder.
The adder is severely wounded.
The adder barely misses you. Something completely misses you.
The adder barely misses you.
Unknown command.
You hit the adder but do no damage.
The adder is severely wounded.
Something barely misses you. The adder completely misses you.
The adder bites you but does no damage.
You hit the adder.
You kill the adder!
Something hits you. Something hits you!
* * * LOW HITPOINT WARNING * * *
You feel yourself speed up. Something hits you but does no damage.
Your quasit completely misses you.
Your quasit barely misses you. x2
Something hits you.
* * * LOW HITPOINT WARNING * * *
You hit something.
Your quasit bites something but does no damage.
Your quasit barely misses something.
Your quasit closely misses something.
Something hits you but does no damage.
You miss something. Something hits you but does no damage.
Your quasit closely misses you.
Your quasit misses you.
Your quasit claws you but does no damage.
You hit something.
Your quasit seems less confused.
Something barely misses you.
You barely miss something. Something hits you.
* * * LOW HITPOINT WARNING * * *
A demonic guardian appears!
You closely miss something.
Your quasit barely misses something.
Your quasit claws something.
Your quasit claws something but does no damage.
Something hits you.
* * * LOW HITPOINT WARNING * * *
You miss something.
Your quasit closely misses something.
Your quasit misses something.
Your quasit claws something but does no damage.
Something hits you.
You die...

........# ........#
........# ###.###.# .#
#.###.###############.#
###................K....###
......#.#####.######......#
......#.# #.######......
......#.# #...@5.......
###.###.# #####{5..#..# #.#
#.# #....# #
###.###.###########.##....
(..........................
.....................†.....
###.#############..(.......
.....# ##..##..... .....#
#..# .##.#


You could see 2 friendly quasits.

Vanquished Creatures
  An orc wizard (D:3)
  3 adders (D:3)
  6 orcs (D:3)
  A goblin (D:3)
  3 hobgoblins (D:3)
  3 jackals (D:3)
  A kobold (D:3)
  3 bats (D:3)
  2 frilled lizards (D:3)
23 creatures vanquished.

Vanquished Creatures (collateral kills)
  A frilled lizard (D:3)
1 creature vanquished.

Grand Total: 24 creatures vanquished

Notes
Turn   | Place    | Note
-------+----------+-------------------------------------------
     0 | D:5      | rageheart7 the Demonspawn Delver began the quest for the
                  | Orb.
     0 | D:5      | Reached XP level 1. HP: 18/18 MP: 1/1
    71 | D:5      | Noticed an orc wizard
    72 | D:5      | Noticed an orc wizard
   176 | D:4      | Noticed an iguana
   212 | D:3      | Gained mutation: A weak demonic guardian rushes to your
                  | aid. [demonic ancestry]
   212 | D:3      | Reached XP level 2. HP: 20/25 MP: 2/2
   344 | D:3      | Reached skill level 4 in Fighting
   352 | D:3      | Gained mutation: You are surrounded by a mild repulsion
                  | field. (EV +2) [demonic ancestry]
   352 | D:3      | Reached XP level 3. HP: 22/31 MP: 3/3
   730 | D:3      | Reached XP level 4. HP: 38/38 MP: 4/4
   733 | D:3      | Reached skill level 5 in Fighting
   786 | D:3      | Noticed Sigmund
   808 | D:3      | HP: 1/39 [something (1)]
   809 | D:3      | Slain by Sigmund

Illustrated notes

Levels and vault maps discovered:
D:3:      layout_basic, yredelemnul_forgotten_temple_becter, uniq_sigmund
D:4:      layout_gridville, temple_pool_b, corexii_item_surrounded_by_moat,
          minivault_5
D:5:      layout_gridville, kennysheep_mini, basic_altar,
          makhleb_altar_promises_db

Skill      XL: |  1  2  3  4 |
---------------+-------------+-----
Fighting       | 4 5 |  5.0
Long Blades    | |  1.7
Dodging        | |  1.7
Stealth        | |  4.5

Action                   |  1- 3 |  4- 6 || total
-------------------------+-------+-------++-------
Melee: Long sword        |    76 |    17 ||    93
  Use: Potion            |       |     1 ||     1
 Stab: Sleeping          |       |     1 ||     1
Armor: Ring mail         |    32 |     9 ||    41
Dodge: Dodged            |    56 |    21 ||    77
       Rpst.: Long sword |    22 |     3 ||    25

Table legend: (Time is in decaauts)
 A = Elapsed time spent in this place.
 B = Non-inter-level travel time spent in this place.
 C = Inter-level travel time spent in this place.
 D = Time resting spent in this place.
 E = Time spent auto-exploring this place.
 F = Levels seen in this place.
 G = Mean time per level.
                   A        B        C        D        E       F      G
               +--------+--------+--------+--------+--------+-----+--------+
         Total |    835 |    835 |      0 |      0 |    539 |   3 |  278.3 |
       Dungeon |    835 |    835 |      0 |      0 |    539 |   3 |  278.3 |
               +--------+--------+--------+--------+--------+-----+--------+

Top non-repeatable levels by time:
     D:3: 648 daAuts
     D:5: 114 daAuts
     D:4: 72 daAuts
